Map: Thunderbird LE

Players

Denver

  • Race: Zerg Zerg
  • Spawn Location: 11:00

Serral - Winner!

  • Race: Zerg Zerg
  • Spawn Location: 5:00

Event: 2019 WCS Summer

VOD

Have the link to the VOD?

Description

Time

  • Played on: July 13, 2019, 2:30 p.m.
  • Length: 9:13

All games in this series

Show
View Real Time Build Order
Export as new Build Order

Denver Zerg 

Build Orders: Hatch First, Roach Nydus 

Get SALT Encoding   

  12  0:00  Drone  
  13  0:13  Overlord  
  13  0:18  Drone  
  14  0:32  Drone x2  
  16  0:48  Hatchery  
  15  0:52  Drone  
  15  0:55  Drone  
  17  0:58  Drone  
  18  1:09  Extractor  
  17  1:14  Spawning Pool  
  17  1:18  Drone  
  17  1:21  Drone  
  18  1:29  Drone  
  19  1:39  Drone  
  20  1:50  Drone  
  21  2:01  Queen x2  
  21  2:02  Drone, Overlord  
  26  2:09  Metabolic Boost  
  26  2:11  Drone  
  26  2:13  Zergling x2  
  28  2:30  Hatchery  
  28  2:31  Drone  
  28  2:34  Drone  
  28  2:36  Drone  
  30  2:39  Drone  
  31  2:44  Overlord  
  31  2:47  Drone  
  32  2:58  Roach Warren  
  31  2:59  Drone x2  
  32  3:06  Drone x2  
  32  3:11  Drone x3  
  32  3:12  Drone  
  38  3:14  Drone  
  38  3:18  Overlord  
  39  3:20  Zergling x2  
  39  3:23  Zergling x2  
  41  3:31  Zergling x4  
  41  3:33  Evolution Chamber  
  41  3:34  Queen  
  44  3:43  Drone x3  
  44  3:46  Drone x2  
  44  3:48  Extractor, Roach  
  50  3:49  Roach  
  50  3:55  Roach x2  
  56  3:57  Overlord  
  56  4:01  Roach  
  58  4:07  Zerg Missile Weapons Level 1  
  58  4:18  Zergling x12, Roach  
  58  4:23  Lair  
  64  4:27  Drone  
  64  4:28  Drone x2  
  63  4:43  Drone x5  
  56  4:47  Drone  
  56  4:57  Drone x2  
  56  4:58  Drone  
  58  5:02  Extractor  
  58  5:03  Drone  
  58  5:05  Drone  
  58  5:06  Queen  
  58  5:12  Roach  
  58  5:13  Roach  
  64  5:16  Overlord  
  64  5:20  Roach  
  65  5:24  Nydus Network  
  65  5:28  Drone x2  
  66  5:35  Glial Reconstitution, Overlord x2  
  66  5:42  Roach x3  
  73  5:50  Roach  
  73  5:51  Overlord  
  73  5:53  Overlord  
  73  6:03  Nydus Canal  
  71  6:05  Roach x4  
  77  6:17  Nydus Canal  
  77  6:18  Roach x3  
  83  6:19  Drone x2  
  83  6:21  Drone  
  83  6:22  Drone  
  83  6:25  Drone  
  88  6:27  Drone  
  88  6:29  Drone  
  88  6:30  Drone  
  91  6:33  Nydus Canal  
  91  6:34  Drone  
  91  6:35  Drone  
  91  6:38  Drone  
  90  6:41  Drone x2  
  90  6:43  Drone  
  93  6:48  Zerg Missile Weapons Level 2  
  93  6:50  Drone x2  
  93  6:52  Drone  
  93  6:53  Drone  
  97  6:55  Drone  
  97  6:57  Drone  
  99  7:02  Drone x2  
  99  7:03  Drone x3  
  99  7:06  Extractor  
  99  7:08  Drone  
  104  7:10  Extractor  
  104  7:11  Extractor, Overlord  
  104  7:12  Overlord  
  102  7:16  Overlord  
  102  7:22  Hatchery  
  101  7:24  Overseer  
  101  7:29  Queen  
  103  7:34  Drone x6  
  103  7:35  Drone  
  110  7:40  Overlord  
  110  7:45  Roach x4  
  110  7:48  Overlord  
  118  7:55  Roach  
  118  7:56  Roach  
  118  7:57  Overlord x2  
  117  8:02  Overlord  
  116  8:09  Roach x5  
  125  8:15  Overlord  
  127  8:20  Roach x4  
  127  8:25  Roach x2  
  127  8:26  Roach  
  139  8:28  Ravager x3  
  139  8:30  Overlord  
  139  8:32  Roach  
  139  8:33  Roach  
  146  8:39  Roach x3  
  152  8:42  Nydus Canal  
  152  8:43  Roach  
  152  8:44  Roach  
  152  8:47  Roach x2  
  156  8:48  Drone  
  156  8:53  Drone x2  
  156  8:54  Roach x3  
  159  8:56  Drone  
  159  8:57  Drone x3  
  159  8:58  Drone  
  160  9:07  Ravager  
  160  9:08  Ravager x2  
Show
View Real Time Build Order
Export as new Build Order

Serral Zerg - Winner!

Build Orders: Hatch First 

Get SALT Encoding   

  12  0:00  Drone  
  13  0:13  Overlord  
  13  0:17  Drone  
  14  0:31  Drone x2  
  16  0:48  Hatchery  
  15  0:51  Drone  
  15  0:55  Drone  
  17  0:58  Drone  
  18  1:08  Extractor  
  17  1:14  Spawning Pool  
  17  1:17  Drone  
  17  1:20  Drone  
  18  1:29  Drone  
  19  1:39  Drone  
  20  1:51  Drone  
  21  2:00  Overlord  
  21  2:01  Queen x2  
  21  2:02  Zergling x2  
  26  2:08  Metabolic Boost  
  26  2:12  Drone x2  
  28  2:23  Drone x2  
  30  2:34  Hatchery  
  30  2:35  Drone  
  30  2:38  Drone  
  31  2:45  Queen  
  31  2:50  Overlord  
  33  2:57  Drone, Baneling Nest  
  33  2:58  Drone  
  34  3:17  Zergling x16  
  42  3:23  Drone  
  42  3:26  Overlord  
  43  3:34  Zergling x2  
  44  3:48  Zergling x2  
  44  3:49  Zergling x12  
  50  3:56  Evolution Chamber  
  50  3:57  Overlord  
  50  3:58  Drone x4  
  53  4:05  Overlord  
  53  4:07  Zergling x4  
  53  4:09  Baneling x3  
  55  4:10  Baneling x2  
  56  4:17  Drone x2  
  56  4:22  Drone x2  
  56  4:23  Drone x2  
  59  4:27  Zerg Missile Weapons Level 1  
  57  4:36  Drone x3  
  54  4:39  Roach Warren  
  54  4:42  Zergling x2  
  54  4:43  Zergling x2  
  54  4:44  Zergling x4  
  54  4:50  Zergling x8  
  57  4:56  Drone x2  
  57  4:57  Spine Crawler  
  57  4:58  Drone  
  57  4:59  Drone  
  60  5:03  Drone x3  
  63  5:07  Drone x2  
  63  5:13  Lair  
  64  5:14  Extractor  
  64  5:15  Extractor  
  64  5:16  Baneling  
  64  5:17  Drone x3  
  64  5:20  Drone  
  64  5:21  Drone x3  
  68  5:22  Drone  
  70  5:31  Overlord  
  70  5:33  Roach x2  
  70  5:35  Overlord  
  72  5:41  Overlord  
  72  5:42  Overlord  
  72  5:43  Spine Crawler  
  72  5:47  Overlord  
  72  5:48  Roach  
  72  5:49  Roach  
  75  5:50  Roach x2  
  75  5:55  Roach x2  
  83  6:07  Roach x4  
  83  6:10  Roach  
  91  6:13  Roach  
  91  6:16  Roach  
  95  6:25  Queen  
  97  6:26  Extractor, Overlord  
  97  6:27  Overseer, Extractor x2  
  97  6:28  Drone x3  
  97  6:31  Overlord  
  97  6:34  Roach x4  
  105  6:50  Roach x5  
  115  6:55  Overlord x2  
  115  7:04  Drone x3  
  115  7:05  Drone x6  
  124  7:12  Glial Reconstitution  
  124  7:14  Overlord  
  124  7:16  Drone x4  
  124  7:18  Extractor  
  127  7:26  Spire  
  127  7:29  Drone x3  
  129  7:33  Roach x4  
  137  7:39  Overlord  
  137  7:40  Roach x4  
  137  7:41  Roach  
  144  8:04  Roach  
  144  8:05  Roach x6  
  156  8:07  Overlord  
  156  8:11  Overlord  
  154  8:13  Hatchery  
  153  8:21  Spine Crawler  
  153  8:25  Overlord x6  
  153  8:26  Overlord  
  152  8:38  Mutalisk x7  
  166  8:43  Mutalisk  
  166  8:44  Extractor  
  165  8:51  Roach x5  
  185  9:10  Ravager  
Tags
 
Add a new tag
Caveats
  • Supply blocks, unpowered buildings, or Contaminate may cause inaccurate times.
  • Supply counts are checked every 10 seconds.